cohdb
Replays
Latest Replays
All Replays
Popular Replays
Top Player Replays
Match Explorer
How It Works
Community
CoH3 Stats
Reddit
Sign in to upload your games and track your stats! →
Sign in with Steam
Match 42878519
Unlisted
Match 42878519
Overview
Messages
Build Orders
End
Selects Luftwaffe Battlegroup
Selects Luftwaffe Pioneer Support
Fallschirmpioneer Squad Paradrop
Kettenkrad Recon Vehicle
Fallschirmpioneer Squad Paradrop
Construct Infanterie Kompanie
Fallschirmpioneer Squad Paradrop
Construct Luftwaffe Kompanie
Fallschirmpioneer Squad Paradrop
Construct Panzergrenadier Kompanie
Selects Reconnaissance Run
Selects LG40 Recoilless Gun Paradrop
Pak 40 Anti-tank Gun Team
UH|ck
UH|XTC
iceman
Luka1
Hom3s
tsims49
0
0
Comments
sign in to comment!
No comments posted yet!